[Event "Polish Ekstraliga 2024"]
[Site "Walbrzych"]
[Date "2024.10.07"]
[Round "1.1"]
[White "Svane, Rasmus"]
[Black "Volokitin, Andrei"]
[Result "1/2-1/2"]
[ECO "E08"]
[WhiteElo "2629"]
[BlackElo "2648"]
[Annotator "TA"]
[PlyCount "102"]
[EventDate "2024.10.05"]
[EventType "team-tourn"]
[EventCountry "POL"]
[SourceTitle "playchess.com"]
[Source "ChessBase"]
[SourceQuality "1"]
[WhiteTeam "Gliwice"]
[BlackTeam "Pegow"]
[TimeControl "40/5400+30:1800+30"]

1. d4 Nf6 2. c4 e6 3. Nf3 d5 4. g3 Bb4+ 5. Bd2 Be7 6. Bg2 O-O 7. O-O c6 8. Qc2 Nbd7 9. Bf4 b6 10. Nbd2 $1 {[%emt 0:24:11][%mdl 4] is currently scoring better than 10.Rd1.} Bb7 11. e4 {[%emt 0:00:38] E08: Closed Catalan: Main Line: 7 Qc2.} Nh5 12. Be3 Nhf6 13. Bf4 Nh5 14. Be3 Nhf6 15. h4 dxc4 16. Qxc4 $146 (16. e5 {is more complex.} Nd5 17. Nxc4 c5 18. Ng5) ({Predecessor:} 16. e5 Nd5 17. Ng5 Bxg5 18. Bxg5 Qb8 19. Nxc4 c5 20. dxc5 h6 21. Bd2 Nxe5 22. Nxe5 Qxe5 23. b4 Rfc8 24. Rac1 {½-½ L'Ami,E (2645)-Pechac,J (2611) Prague Challengers 5th 2023 (9)}) 16... c5 17. dxc5 Bxc5 18. Qe2 Ng4 19. Bd4 a5 20. Rfd1 Ba6 21. Nc4 Qc7 22. Bxc5 Nxc5 23. b3 a4 24. Nfd2 Ne5 25. Qe3 Bxc4 26. Nxc4 Nxc4 27. bxc4 Rad8 28. e5 Rxd1+ 29. Rxd1 Rd8 30. Rd4 h5 31. Bf3 g6 32. Be2 Rxd4 33. Qxd4 a3 34. Qe3 Nd7 35. Qxa3 Qxe5 36. Qd3 Nf6 37. Bf1 Kg7 38. a3 Qb2 39. Be2 Qe5 40. Bf3 Qe1+ 41. Kg2 Qe5 42. Qd2 Qc5 43. Qd3 Qe5 44. Qd2 Qc5 45. Qd3 Ne8 46. Qc3+ Kg8 47. Be2 Nd6 48. Qd3 Nf5 ({Black should try} 48... Kf8 $17) 49. Bf3 Nd6 50. Be2 e5 ({Better is} 50... Kf8 $17) 51. Bf3 $11 e4 (51... Qxc4 $2 {loses.} 52. Qxd6 e4 53. Bd1 $18) (51... Nxc4 $2 {is the wrong capture.} 52. Bd5 Nd6 53. Qxg6+ Kf8 54. Qh6+ (54. Qxh5 $2 {too greedy.} Qxd5+ 55. Kh2 Qc5 $19) 54... Kg8 55. Qg5+ Kf8 56. Qxe5 Qxa3 57. Qxh5 $18) 1/2-1/2

[Event "Polish Ekstraliga 2024"]
[Site "Walbrzych"]
[Date "2024.10.07"]
[Round "1.2"]
[White "Lagarde, Maxime"]
[Black "Tomczak, Jacek"]
[Result "0-1"]
[ECO "B12"]
[WhiteElo "2595"]
[BlackElo "2584"]
[Annotator "RC"]
[PlyCount "90"]
[EventDate "2024.10.05"]
[EventType "team-tourn"]
[EventCountry "POL"]
[SourceTitle "playchess.com"]
[Source "ChessBase"]
[SourceQuality "1"]
[WhiteTeam "Pegow"]
[BlackTeam "Gliwice"]
[TimeControl "40/5400+30:1800+30"]

1. e4 c6 2. d4 d5 3. e5 Bf5 4. Nf3 e6 5. Be2 Ne7 6. c3 Ng6 7. O-O f6 8. Bd3 Bxd3 9. Qxd3 Nd7 10. c4 Nb6 11. cxd5 Nxd5 12. exf6 Qxf6 13. Nc3 Be7 14. Bg5 Qf7 15. Nxd5 exd5 16. Bxe7 Nxe7 17. Ne5 Qf6 18. Rae1 Rd8 19. Qb3 b6 20. Qa3 O-O 21. Qxa7 Qd6 22. Qxb6 Rb8 23. Qa7 Rxb2 24. Nd3 Nc8 25. Qa5 Rb7 26. g3 Ra7 27. Qd2 Nb6 28. Nc5 Nc4 29. Qg5 h6 30. Qg4 Nd2 31. Re6 Qb8 32. Rd1 Nf3+ 33. Kh1 Qc8 34. h4 Ra5 35. a3 Rxa3 36. Rf1 Ra2 37. Nb3 Re2 38. Nc5 Rf6 39. Kg2 Ne1+ 40. Rxe1 Rfxf2+ 41. Kg1 Rg2+ 42. Kh1 Rh2+ 43. Kg1 Reg2+ 44. Kf1 Qf8+ 45. Qf4 Rf2+ 0-1

[Event "Polish Ekstraliga 2024"]
[Site "Walbrzych"]
[Date "2024.10.07"]
[Round "1.3"]
[White "Warakomski, Tomasz"]
[Black "Zilka, Stepan"]
[Result "1/2-1/2"]
[ECO "C42"]
[WhiteElo "2545"]
[BlackElo "2552"]
[Annotator "ChessBase"]
[PlyCount "274"]
[EventDate "2024.10.05"]
[EventType "team-tourn"]
[EventCountry "POL"]
[SourceTitle "playchess.com"]
[Source "ChessBase"]
[SourceQuality "1"]
[WhiteTeam "Gliwice"]
[BlackTeam "Pegow"]
[TimeControl "40/5400+30:1800+30"]

1. e4 e5 2. Nf3 Nf6 3. Nxe5 Nxe4 4. Qe2 Qe7 5. Qxe4 d6 6. d4 dxe5 7. dxe5 Nc6 8. Nc3 Qxe5 9. Bf4 Qxe4+ 10. Nxe4 Nd4 11. O-O-O Ne6 12. Be5 Bd7 13. Bc4 O-O-O 14. Rhe1 Bb4 15. c3 Be7 16. Ng3 Rhe8 17. Nh5 Bg5+ 18. f4 Bh6 19. Kc2 Nc5 20. b4 Ba4+ 21. Bb3 Rxd1 22. Rxd1 Nxb3 23. axb3 Bd7 24. Bxg7 Bxg7 25. Nxg7 Rg8 26. Nh5 Rxg2+ 27. Rd2 Bf5+ 28. Kc1 Rg1+ 29. Kb2 Rb1+ 30. Ka2 Rf1 31. Re2 b6 32. b5 Be6 33. c4 Kb7 34. h4 a6 35. bxa6+ Kxa6 36. Re5 c5 37. Ng7 Rxf4 38. Rh5 Bg4 39. Rxh7 Bd1 40. Ne8 Rf3 41. Nd6 Rd3 42. Rh6 f5 43. Rf6 Bxb3+ 44. Kb2 Bd1 45. Nxf5 Rf3 46. Rd6 Be2 47. Ne7 Bxc4 48. h5 Ka5 49. Nc6+ Ka4 50. Ne5 Rb3+ 51. Kc2 Bg8 52. Nd7 Bh7+ 53. Kd2 Ka5 54. Nf6 Bb1 55. h6 c4 56. Nd5 b5 57. Kc1 Bf5 58. Ne7 Be4 59. Re6 Bd3 60. Nc6+ Ka4 61. Nd4 Rb1+ 62. Kd2 Kb4 63. Re5 Rb2+ 64. Ke3 Ka5 65. Rh5 Bh7 66. Rc5 Ka4 67. Nxb5 Rxb5 68. Rxc4+ Kb3 69. Rc7 Bc2 70. Kf4 Rh5 71. Rc6 Bd3 72. Kg4 Be2+ 73. Kf4 Kb4 74. Re6 Bc4 75. Kg4 Rh1 76. Rf6 Kc5 77. Kf5 Bd3+ 78. Ke6 Kd4 79. Kf7 Ke5 80. Re6+ Kf5 81. Rf6+ Kg5 82. Kg7 Rg1 83. Rd6 Kh5+ 84. Kh8 Bg6 85. h7 Rc1 86. Kg7 Rc7+ 87. Kf6 Rf7+ 88. Ke5 Rxh7 89. Rd2 Re7+ 90. Kf6 Rf7+ 91. Ke6 Rf4 92. Rh2+ Kg5 93. Rg2+ Kh6 94. Ke5 Rf5+ 95. Ke6 Kg7 96. Rg1 Rf6+ 97. Ke7 Rf2 98. Re1 Rf8 99. Rg1 Re8+ 100. Kd7 Re4 101. Rf1 Bf7 102. Rf2 Be6+ 103. Kd6 Kg6 104. Rf1 Bf5 105. Kd5 Kf6 106. Ra1 Re2 107. Ra6+ Be6+ 108. Kd4 Kf5 109. Ra5+ Kf4 110. Kc5 Re5+ 111. Kb4 Bd5 112. Kc3 Re3+ 113. Kd4 Re4+ 114. Kd3 Ke5 115. Ra1 Rb4 116. Re1+ Be4+ 117. Kc3 Rb8 118. Rd1 Rc8+ 119. Kb2 Bd5 120. Re1+ Kd4 121. Rd1+ Kc5 122. Kc3 Ra8 123. Rd3 Be4 124. Re3 Kd5 125. Re2 Rc8+ 126. Kd2 Kd4 127. Rf2 Rc3 128. Re2 Ra3 129. Rf2 Bf3 130. Ke1 Ke3 131. Re2+ Kf4 132. Rb2 Rd3 133. Rd2 Re3+ 134. Kf2 Be4 135. Re2 Rh3 136. Ke1 Bf3 137. Rb2 Rh1+ 1/2-1/2

[Event "Polish Ekstraliga 2024"]
[Site "Walbrzych"]
[Date "2024.10.07"]
[Round "1.4"]
[White "Moranda, Wojciech"]
[Black "Kantans, Toms"]
[Result "1/2-1/2"]
[ECO "B21"]
[WhiteElo "2559"]
[BlackElo "2493"]
[Annotator "TA"]
[PlyCount "23"]
[EventDate "2024.10.05"]
[EventType "team-tourn"]
[EventCountry "POL"]
[SourceTitle "playchess.com"]
[Source "ChessBase"]
[SourceQuality "1"]
[WhiteTeam "Pegow"]
[BlackTeam "Gliwice"]
[TimeControl "40/5400+30:1800+30"]

1. e4 c5 2. d4 cxd4 3. Qxd4 Nc6 4. Qd3 g6 5. Nc3 Bg7 {[%emt 0:00:10] The position is equal.} 6. Nf3 Nf6 7. Be2 O-O 8. Nd5 b5 9. O-O a5 10. Rd1 (10. Qxb5 $2 {loses.} Ba6 11. Qxa6 Rxa6 12. Bxa6 Nxe4 $19) 10... b4 11. a3 Ba6 12. Nxf6+ {[%emt 0:10:06] An uneventful encounter.   Weighted Error Value: White=0.08 (flawless) /Black=0.04 (flawless) .  OK:         	White=2     	Black=3      Best:        	---       	Black=1} 1/2-1/2

[Event "Polish Ekstraliga 2024"]
[Site "Walbrzych"]
[Date "2024.10.07"]
[Round "1.5"]
[White "Klekowski, Maciej"]
[Black "Plat, Vojtech"]
[Result "1-0"]
[ECO "D87"]
[WhiteElo "2463"]
[BlackElo "2488"]
[Annotator "TA"]
[PlyCount "77"]
[EventDate "2024.10.05"]
[EventType "team-tourn"]
[EventCountry "POL"]
[SourceTitle "playchess.com"]
[Source "ChessBase"]
[SourceQuality "1"]
[WhiteTeam "Gliwice"]
[BlackTeam "Pegow"]
[TimeControl "40/5400+30:1800+30"]

1. d4 Nf6 2. c4 g6 3. Nc3 d5 4. cxd5 Nxd5 5. e4 Nxc3 6. bxc3 Bg7 7. Bc4 c5 8. Ne2 O-O 9. O-O Nc6 10. Be3 Bg4 11. f3 Na5 12. Bd3 (12. fxg4 Nxc4 13. Bf2 Qa5 $11) (12. Bxf7+ $14 {might be stronger.} Rxf7 13. fxg4) 12... Bd7 13. Rb1 Qc7 14. h4 e5 {[%emt 0:03:40] White has an edge.} 15. h5 ({Much weaker is} 15. dxc5 Rfd8 $15) 15... cxd4 16. cxd4 exd4 17. Bf4 Qc5 18. h6 Bh8 19. Bd2 b6 20. Bb4 Qg5 21. f4 Qxh6 22. Bxf8 Qxf8 23. e5 Rd8 24. Rc1 (24. Nxd4 $2 Qc5 25. Rf2 Qxd4 $17) 24... Qa3 25. Qd2 Nb7 ({Black should try} 25... Bc6 $1 $14) 26. Nxd4 $16 Nc5 27. Bc4 Bg4 {[%emt 0:13:18] Prevents Rf3} 28. Rfe1 {[%emt 0:21:53] Wards off Ne4} (28. Rc3 $16 Qa4 29. Qe3) 28... Bg7 $14 29. Qf2 {[%emt 0:02:27] And now Nb5 would win.} Ne4 $2 30. Qh4 (30. Rxe4 $2 {too greedy.} Qxc1+ 31. Bf1 Qc5 $19) (30. Bxf7+ $18 {is the precise move to win.} Kxf7 31. Rc7+ (31. Rxe4 $2 Qxc1+ 32. Kh2 Qc5 $19) 31... Kg8 32. Rxe4) 30... Rxd4 $16 31. Qxg4 $40 {[%emt 0:00:14][%mdl 128] White has strong attack.} Bf8 $2 {[%emt 0:00:52][%mdl 8192] [#] Black cannot hold the game after this.} (31... Qe7 $16 32. Bb3 Nc5) 32. Bxf7+ $1 $18 Kxf7 33. Rc7+ Be7 {[%emt 0:00:08][%cal Oh7h5] ...h5! would now be deadly.} 34. f5 Qb4 35. fxg6+ {[%emt 0:00:27] White mates.} hxg6 {[%emt 0:00:05] [#]} 36. Rf1+ $1 Ke8 37. Rc8+ Rd8 38. Qxg6+ Kd7 39. Qc6# {[%emt 0:00:33] Weighted Error Value: White=0.15 (very precise) /Black=0.68.  Loses game:     	---       	Black=2      Missed win:     	White=1     	---        Mistake:       	White=1     	Black=1      Inaccurate:     	White=3     	Black=3      OK:         	White=5     	Black=7      Best:        	White=1     	Black=1      Brilliant:      	White=1     	---} 1-0

[Event "Polish Ekstraliga 2024"]
[Site "Walbrzych"]
[Date "2024.10.07"]
[Round "1.6"]
[White "Maltsevskaya, Aleksandra"]
[Black "Antolak, Julia"]
[Result "1/2-1/2"]
[ECO "A29"]
[WhiteElo "2368"]
[BlackElo "2281"]
[Annotator "RC"]
[PlyCount "88"]
[EventDate "2024.10.05"]
[EventType "team-tourn"]
[EventCountry "POL"]
[SourceTitle "playchess.com"]
[Source "ChessBase"]
[SourceQuality "1"]
[WhiteTeam "Pegow"]
[BlackTeam "Gliwice"]
[TimeControl "40/5400+30:1800+30"]

1. c4 e5 2. Nc3 Nf6 3. Nf3 Nc6 4. g3 d5 5. cxd5 Nxd5 6. Bg2 Nb6 7. O-O Be7 8. a3 O-O 9. b4 Re8 10. Rb1 Bf8 11. d3 a5 12. b5 Nd4 13. Nd2 a4 14. e3 Ne6 15. Nf3 Nc5 16. d4 exd4 17. Nxd4 Qf6 18. Bb2 Qg6 19. e4 Rd8 20. Nd5 Nxd5 21. exd5 Bf5 22. Nxf5 Qxf5 23. Qe2 Re8 24. Qc4 Rad8 25. b6 cxb6 26. Rbd1 Ne4 27. Qxa4 Bc5 28. Bxe4 Rxe4 29. Qb3 Re2 30. Bd4 h5 31. Bxc5 bxc5 32. Qxb7 Qf3 33. Rde1 h4 34. gxh4 Qg4+ 35. Kh1 Qf3+ 36. Kg1 Qg4+ 37. Kh1 Rde8 38. Rxe2 Qxe2 39. Qb1 Qf3+ 40. Kg1 Qg4+ 41. Kh1 Qf3+ 42. Kg1 Re4 43. h3 Rg4+ 44. hxg4 Qxg4+ 1/2-1/2

[Event "Polish Ekstraliga 2024"]
[Site "Walbrzych"]
[Date "2024.10.07"]
[Round "1.7"]
[White "Harikrishna, Pentala"]
[Black "Ponomariov, Ruslan"]
[Result "1/2-1/2"]
[ECO "E53"]
[WhiteElo "2688"]
[BlackElo "2655"]
[Annotator "TA"]
[PlyCount "79"]
[EventDate "2024.10.05"]
[EventType "team-tourn"]
[EventCountry "POL"]
[SourceTitle "playchess.com"]
[Source "ChessBase"]
[SourceQuality "1"]
[WhiteTeam "Polonia Wroclaw"]
[BlackTeam "Katowice"]
[TimeControl "40/5400+30:1800+30"]

1. d4 Nf6 2. c4 e6 3. Nc3 Bb4 4. e3 O-O 5. Bd3 c5 6. Nf3 d5 7. cxd5 exd5 8. dxc5 Bg4 9. O-O Bxc5 10. h3 Bh5 11. b3 Nc6 12. Bb2 a6 13. Be2 Bg6 14. Nh4 d4 {[%emt 0:01:53] The position is equal.} 15. exd4 Bxd4 16. Nxg6 hxg6 17. Bf3 Rc8 18. Rc1 (18. Qd2 {is interesting.} Qd6 19. Na4 Rfd8 20. Rac1) 18... Re8 19. Rc2 {[%emt 0:07:29] Hoping for Rd2.} Be5 20. Qxd8 Rexd8 21. Re2 b5 22. Bxc6 Bxc3 23. Bb7 {[%emt 0:01:44] This pair of bishops is nice.} Rc7 24. Bxc3 Rxb7 25. Ba5 Rd5 {[%emt 0:02:29] [#] Strongly threatening ...b4.} 26. Rc1 b4 $1 27. Bc7 g5 28. Rc4 Kh7 29. Kh2 a5 30. Rec2 Nd7 31. Rc6 Ra7 32. Re2 a4 33. Rd6 Nf6 34. Bb6 {[%emt 0:02:41] [#] Threatens to win with Rxd5.} Ra6 35. Rxd5 Nxd5 36. Bd4 f6 37. Rd2 axb3 38. axb3 Ra3 39. Bc5 Nf4 40. Bxb4 {[%emt 0:00:00] An uneventful encounter.   Weighted Error Value: White=0.03 (flawless) /Black=0.02 (flawless) .  Inaccurate:     	White=1     	---        OK:         	White=15    	Black=15     Best:        	---       	Black=1      Strong:       	---       	Black=1} 1/2-1/2

[Event "Polish Ekstraliga 2024"]
[Site "Walbrzych"]
[Date "2024.10.07"]
[Round "1.8"]
[White "Navara, David"]
[Black "Grandelius, Nils"]
[Result "1-0"]
[ECO "C45"]
[WhiteElo "2683"]
[BlackElo "2650"]
[Annotator "TA"]
[PlyCount "101"]
[EventDate "2024.10.05"]
[EventType "team-tourn"]
[EventCountry "POL"]
[SourceTitle "playchess.com"]
[Source "ChessBase"]
[SourceQuality "1"]
[WhiteTeam "Katowice"]
[BlackTeam "Polonia Wroclaw"]
[TimeControl "40/5400+30:1800+30"]

1. e4 e5 2. Nf3 Nc6 3. d4 exd4 4. Nxd4 Bc5 5. Nb3 Bb6 6. Nc3 d6 7. Qe2 a5 {[%emt 0:02:13] now supersedes 7...Nge7. C45: Scotch Game.} 8. a4 Nb4 9. Nb5 $5 {[%emt 0:05:36][%mdl 4] A promising side line.} Nf6 10. c3 Nc6 11. Be3 $146 ({Predecessor:} 11. Bg5 h6 12. Bh4 Qe7 13. f3 Be6 14. N3d4 Nxd4 15. Nxd4 Bxd4 16. cxd4 d5 17. e5 {0-1 Belenkaya,D (2341)-Injac,T (2370) FIDE World Cup (Women) 2021 (1.2)}) 11... Bxe3 12. Qxe3 O-O 13. O-O-O Be6 14. N3d4 Nxd4 15. Rxd4 (15. Nxd4 $15 {was preferrable.} Bd7 16. Nb5) 15... d5 (15... Nd7 $17) 16. exd5 Nxd5 17. Qd2 (17. Qe5 $5 c6 18. Bc4 $11) 17... c6 18. Bc4 Qb8 19. Na3 Re8 20. g3 Qc7 21. Re1 h6 22. Nc2 Rad8 23. Rd1 Rb8 24. Re1 Rbd8 25. h4 Qc8 26. Bxd5 Rxd5 27. Rxd5 Bxd5 28. Rxe8+ Qxe8 29. Qe3 Qd7 30. Qd3 Qg4 31. Ne3 Qf3 32. Qf5 Qxf5 (32... Qh1+ $11 {keeps the balance.} 33. Kd2 g6) 33. Nxf5 $16 Kf8 34. b4 $1 b6 35. Kb2 ({White should try} 35. Nd6 $1 $16 {[%cal Rd6c8] Nc8 is the strong threat.} Be6 36. bxa5 bxa5 37. Kc2) 35... h5 $2 {[%emt 0:00:51] [#]} (35... c5 $1 $11 {and Black is okay.}) 36. Nd6 $1 $18 c5 {[%emt 0:00:24] [#]} 37. Nc8 $1 cxb4 38. cxb4 ({Inferior is} 38. Nxb6 bxc3+ 39. Kxc3 Bc6 $11) 38... axb4 39. Nxb6 Bb7 40. Kb3 Ke7 41. Kxb4 Kd6 42. Kc4 f6 (42... Ke5 {was called for.} 43. Nd7+ Kd6) 43. Kd4 $18 g5 44. a5 Ke6 45. Nc4 Ba6 46. Ne3 Be2 47. f4 gxh4 48. gxh4 Kd6 49. Nd5 Bf3 50. Nxf6 Ke6 51. Ke3 1-0

[Event "Polish Ekstraliga 2024"]
[Site "Walbrzych"]
[Date "2024.10.07"]
[Round "1.9"]
[White "Bartel, Mateusz"]
[Black "Piorun, Kacper"]
[Result "1-0"]
[ECO "C45"]
[WhiteElo "2608"]
[BlackElo "2581"]
[Annotator "TA"]
[PlyCount "61"]
[EventDate "2024.10.05"]
[EventType "team-tourn"]
[EventCountry "POL"]
[SourceTitle "playchess.com"]
[Source "ChessBase"]
[SourceQuality "1"]
[WhiteTeam "Polonia Wroclaw"]
[BlackTeam "Katowice"]
[TimeControl "40/5400+30:1800+30"]

1. e4 e5 2. Nf3 Nc6 3. d4 exd4 4. Nxd4 Bc5 5. Nb3 Bb6 6. Qe2 a5 7. a4 d6 8. Be3 {[%emt 0:00:07] The position is equal.} Bxe3 9. Qxe3 Nb4 10. Na3 Ne7 11. Bb5+ c6 12. Be2 Be6 13. Nd4 O-O 14. O-O d5 15. Rad1 {[%emt 0:01:18] White is more active.} Bd7 16. c3 Na6 17. Nb3 b6 18. Bxa6 Rxa6 19. c4 dxc4 20. Nxc4 Qc7 $1 21. Nd4 $36 {[%emt 0:11:33][%mdl 2048] Black is under pressure.} b5 22. Qg5 Ng6 23. Ne3 bxa4 24. f4 {[%emt 0:00:05][%cal Bf2f4,Bf4f5,Bf5g6,Bg6f7][%mdl 32] Strongly threatening f5.} Re8 25. e5 Rb6 {[%emt 0:07:57] [#] Loses the game.} (25... Raa8 $11 {and Black is okay.}) 26. f5 $1 $18 h6 (26... Qxe5 $2 {loses.} 27. Nc4 Qc7 28. Nxb6 (28. fxg6 hxg6 29. Nxb6 Qxb6 $18) 28... Qxb6 29. fxg6 hxg6 30. Rf2 $18) (26... Nxe5 $2 27. f6 Ng6 (27... Rxb2 28. Qxg7#) 28. Ndf5 Bxf5 (28... Rxb2 29. Nh6+ gxh6 30. Qxh6) 29. Nxf5 $18) 27. Qg3 Qxe5 $2 (27... Nf8 28. Nc4 Rb4) 28. fxg6 {[%emt 0:00:22] White is clearly winning.} Qxe3+ 29. Qxe3 Rxe3 30. Nf5 ({Weaker is} 30. gxf7+ Kf8 $16) 30... Re6 (30... Re5 $142 31. Rxd7 fxg6) 31. gxf7+ {[%emt 0:01:13] Weighted Error Value: White=0.07 (flawless) /Black=0.32.  Mistake:       	---       	Black=3      Inaccurate:     	White=3     	Black=5      OK:         	White=7     	Black=7      Best:        	White=3     	Black=1      Strong:       	White=1     	Black=1} 1-0

[Event "Polish Ekstraliga 2024"]
[Site "Walbrzych"]
[Date "2024.10.07"]
[Round "1.10"]
[White "Klimkowski, Jan"]
[Black "Mastrovasilis, Dimitrios"]
[Result "1-0"]
[ECO "C55"]
[WhiteElo "2477"]
[BlackElo "2532"]
[Annotator "TA"]
[PlyCount "91"]
[EventDate "2024.10.05"]
[EventType "team-tourn"]
[EventCountry "POL"]
[SourceTitle "playchess.com"]
[Source "ChessBase"]
[SourceQuality "1"]
[WhiteTeam "Katowice"]
[BlackTeam "Polonia Wroclaw"]
[TimeControl "40/5400+30:1800+30"]

1. e4 e5 2. Nf3 Nc6 3. Bc4 Nf6 4. d3 d5 5. exd5 Nxd5 6. O-O Be7 7. Re1 Nb6 8. Bb3 Bg4 9. h3 Bh5 10. g4 Bg6 11. Nxe5 Nxe5 12. Rxe5 O-O 13. f4 {[%emt 0:05:32] White is more active.} Bd6 14. Re2 Qh4 15. Kg2 {[%emt 0:01:24] White is better.} (15. f5 Rae8 16. Nc3 (16. fxg6 $2 Qg3+ 17. Kf1 Qf3+ 18. Ke1 Qh1+ 19. Kf2 Qxd1 $19) 16... Qg3+ 17. Kf1 Qxh3+ 18. Rg2 Kh8 $15) 15... Rae8 16. Nc3 h5 {[%emt 0:04:03] [#]} 17. Rxe8 $1 Rxe8 18. Bd2 {[%emt 0:01:28] Dodges Re1} hxg4 19. hxg4 Nd7 20. Qf3 {[%emt 0:07:53][%cal Oa1h1] aiming for Rh1!} Nf6 {[%emt 0:02:10] [#]} 21. g5 Nh5 22. Rf1 b5 (22... a6 $16 23. Bd5 (23. Qxb7 $2 {too greedy.} Qg3+ 24. Kh1 Nxf4 $19) 23... c6) 23. Qh3 Qxh3+ 24. Kxh3 {[%emt 0:00:03][%cal Of4f5] f5! is the strong threat.} Kf8 (24... Bf5+ {was worth a try.} 25. Kg2 (25. Kh4 g6 $14) 25... g6) 25. Kg4 b4 {[%emt 0:02:14] [#]} 26. Ne4 f5+ 27. gxf6 Nxf6+ 28. Nxf6 gxf6 29. f5 Bf7 30. Re1 Rxe1 31. Bxe1 $16 {[%emt 0:00:04][%mdl 4096] Endgame. Hoping for Bxf7. KBB-KBB} Be8 32. Bf2 a5 33. Bd5 Ba4 34. c4 Bd1+ (34... bxc3 $16 {might work better.} 35. bxc3 Bd1+ 36. Kh3 a4) 35. Bf3 $18 Bc2 36. c5 Bh2 (36... Be7 $142 37. d4 Ke8) 37. d4 {[%emt 0:00:36] Be3 would now be deadly.} Bd3 (37... Ba4 {was necessary.} 38. Be3 c6) 38. Be3 {[%emt 0:00:48] White is clearly winning.} Bf1 39. Bc6 Ke7 40. Kf3 Bh3 41. Be4 Kd7 42. Bd3 c6 43. Bf2 Kd8 44. b3 Kd7 45. Bh4 Ke7 46. Bg3 {[%emt 0:00:05] Weighted Error Value: White=0.17 (very precise) /Black=0.29 (precise) .  Mistake:       	---       	Black=5      Inaccurate:     	White=2     	Black=3      OK:         	White=12    	Black=11     Best:        	White=5     	Black=4      Strong:       	White=1     	---} 1-0

[Event "Polish Ekstraliga 2024"]
[Site "Walbrzych"]
[Date "2024.10.07"]
[Round "1.11"]
[White "Gumularz, Szymon"]
[Black "Seemann, Jakub"]
[Result "1-0"]
[ECO "E49"]
[WhiteElo "2559"]
[BlackElo "2489"]
[Annotator "TA"]
[PlyCount "143"]
[EventDate "2024.10.05"]
[EventType "team-tourn"]
[EventCountry "POL"]
[SourceTitle "playchess.com"]
[Source "ChessBase"]
[SourceQuality "1"]
[WhiteTeam "Polonia Wroclaw"]
[BlackTeam "Katowice"]
[TimeControl "40/5400+30:1800+30"]

1. d4 Nf6 2. c4 e6 3. Nc3 Bb4 4. e3 O-O 5. Bd3 d5 6. a3 Bxc3+ 7. bxc3 dxc4 8. Bxc4 c5 9. Nf3 Qc7 10. Be2 b6 11. Bb2 Ba6 12. c4 cxd4 {[%emt 0:09:23] The position is equal.} 13. Nxd4 Rd8 (13... Bb7 $11) 14. Qa4 (14. Bf3 $16 Nbd7 (14... Bb7 $2 15. Nb5 $18) 15. Bxa8 Rxa8 16. O-O) 14... Bb7 15. O-O Nc6 16. Rfd1 Ne4 17. Qc2 Nxd4 18. exd4 Qf4 19. Bd3 Nf6 20. f3 {[%emt 0:01:09] Wards off Ng4} Rac8 21. Qe2 h6 22. a4 Ne8 (22... Nh5 $11) 23. a5 $16 Qc7 24. a6 Ba8 25. Rac1 Nd6 (25... Qf4 $14) 26. Kh1 ({White should play} 26. d5 $18) 26... Re8 27. Qf2 Qe7 28. Re1 $1 {[%emt 0:05:55] And now c5 would win.} Qg5 {[%emt 0:01:51] [#]} (28... Qf8 $16 29. Ba3 Red8) 29. d5 $1 $18 exd5 30. h4 $1 Qd8 {[%emt 0:03:58][%cal Rd5c4] [#]} 31. Qg3 $1 f6 $2 (31... Rxe1+ 32. Rxe1 Qf8) 32. Qg6 dxc4 33. Qh7+ Kf8 34. Bg6 (34. Rxe8+ $142 Kxe8 (34... Qxe8 $2 {is the wrong capture.} 35. Bg6 $18) 35. Bg6+ Kd7 36. Rd1 (36. Qxg7+ Qe7 $18)) 34... Rxe1+ 35. Rxe1 Nf7 {[%emt 0:00:08] Prevents Qh8+.} 36. Ba3+ {[%emt 0:02:18] This pair of bishops is nice.} Rc5 37. Bxc5+ $40 {[%emt 0:03:56][%mdl 128] White attacks with force.} (37. Bc2 $142 Qd7 38. Bxc5+ bxc5 39. Rb1) 37... bxc5 38. Bxf7 Kxf7 {[%emt 0:00:02][%mdl 4096] Endgame. KQR-KQB} 39. Qf5 Qd5 40. Qc8 Kg6 41. Qg4+ Kh7 42. Rc1 Bc6 (42... c3 {was called for.}) 43. Qxc4 Qxc4 44. Rxc4 {[%emt 0:00:03] KR-KB} Bb5 45. Rxc5 Bxa6 46. Ra5 Bd3 47. Rxa7 h5 $2 (47... Kg8 48. Kg1 Bg6) 48. Kg1 Kg6 49. Kf2 Bc4 50. Rc7 Bb5 51. Ke3 Bf1 52. Rc1 Bb5 53. Kd4 Be2 54. Re1 Ba6 55. Ra1 Be2 56. Ke4 Bb5 57. Kd5 Kf5 58. Rb1 Be2 59. Rb4 (59. Rb2 $142 Bf1 60. g3) 59... g5 60. Kd6 (60. Ra4 $142) 60... gxh4 $2 (60... Bf1 $18 61. g3 Be2) 61. Rxh4 {[%emt 0:00:17] White mates.} Kg5 62. Ra4 Bf1 {[%emt 0:07:27] [#]} 63. g3 $1 Be2 64. Rf4 Bd3 65. Ke6 f5 66. Ke5 Bc2 67. Rh4 Bd1 68. f4+ Kg6 69. Rh2 Bg4 70. Rb2 h4 71. gxh4 Kh5 72. Rh2 {[%emt 0:00:20] Weighted Error Value: White=0.35/Black=0.56.  Mistake:       	White=5     	Black=8      Inaccurate:     	White=2     	Black=3      OK:         	White=10    	Black=8      Best:        	White=3     	Black=6      Strong:       	White=3     	---        Brilliant:      	White=1     	---} 1-0

[Event "Polish Ekstraliga 2024"]
[Site "Walbrzych"]
[Date "2024.10.07"]
[Round "1.12"]
[White "Socko, Monika"]
[Black "Starosta, Martyna"]
[Result "1/2-1/2"]
[ECO "C03"]
[WhiteElo "2419"]
[BlackElo "2325"]
[Annotator "RC"]
[PlyCount "71"]
[EventDate "2024.10.05"]
[EventType "team-tourn"]
[EventCountry "POL"]
[SourceTitle "playchess.com"]
[Source "ChessBase"]
[SourceQuality "1"]
[WhiteTeam "Katowice"]
[BlackTeam "Polonia Wroclaw"]
[TimeControl "40/5400+30:1800+30"]

1. e4 e6 2. d4 d5 3. Nd2 Be7 4. e5 c5 5. c3 cxd4 6. cxd4 Nc6 7. Ndf3 Qb6 8. Bd3 Bd7 9. Ne2 Nb4 10. Bb1 Bb5 11. O-O Qa6 12. Re1 Bd3 13. Nc3 Bxb1 14. Rxb1 Nxa2 15. Nxa2 Qxa2 16. Bd2 Qc4 17. Re3 Bd8 18. Rb3 Qc6 19. Bb4 Ne7 20. Bxe7 Kxe7 21. Qd2 Bb6 22. Qg5+ Kf8 23. Rc3 Qd7 24. Rbc1 h6 25. Qg4 Ba5 26. b4 Bd8 27. h4 a5 28. bxa5 Bxa5 29. R3c2 Kg8 30. Qh5 b5 31. Ra2 Ra7 32. Rb1 Kh7 33. Ng5+ Kg8 34. Nf3 Kh7 35. Ng5+ Kg8 36. Nf3 1/2-1/2